[Event "Early-Titled-Tuesday-Blitz-April-02-2024"]
[Site "Chess.com"]
[Date "2024.04.02"]
[Round "2"]
[White "AradNazari"]
[Black "Der_Balak_3Halak"]
[Result "0-1"]
[WhiteElo "2661"]
[BlackElo "2394"]
[TimeControl "180+1"]
[EndTime "8:18:00 PDT"]
[Termination "Der_Balak_3Halak won by resignation"]

1. e4 e6 2. d4 d5 3. e5 c5 4. c3 Nc6 5. Nf3 cxd4 6. cxd4 Qb6 7. Nc3 Nge7 8. Bd3 g6 9. O-O Nf5 10. Kh1 Bd7 11. Na4 Qc7 12. Bxf5 gxf5 13. Bg5 Rg8 14. Rc1 h6 15. Bf4 Qd8 16. Qd2 Qa5 17. Nc5 Qxd2 18.
Bxd2 b6 19. Nxd7 Kxd7 20. a3 Rc8 21. h3 Bg7 22. Rc3 f6 23. Bf4 fxe5 24. dxe5 Na5 25. Rd3 Rc2 26. b3 Rgc8 27. Bd2 Nc6 28. Re1 Ra2 29. a4 a5 30. Kh2 Bf8 31. Kg3 Nb4 32.
Bxb4 axb4 33. Nd4 Rc3 34. Ree3 Bc5 35. Rf3 Rb2 36. Kh4 Bxd4 37. Rxd4 Rxf3 38. gxf3 Rxb3 39. Kg3 Kc6 40. Rh4 Kc5 41. Rxh6 Ra3 42. Rxe6 b3 43.
a5 Rxa5 44. Re8 b2 45. Rc8+ Kb4 46. Rb8 0-1

[Event "Early-Titled-Tuesday-Blitz-April-02-2024"]
[Site "Chess.com"]
[Date "2024.04.02"]
[Round "2"]
[White "Actuary44"]
[Black "kritipatel"]
[Result "1-0"]
[WhiteElo "2510"]
[BlackElo "2245"]
[TimeControl "180+1"]
[EndTime "8:18:00 PDT"]
[Termination "Actuary44 won by checkmate"]

1. e4 e5 2. d4 exd4 3. c3 dxc3 4.
Bc4 Nc6 5. Nf3 d6 6. Qb3 Qf6 7.
Nxc3 Nge7 8. O-O h6 9. Nb5 Kd8 10. Bd2 Ng6 11. Bxf7 Nge5 12. Nxe5 Nxe5 13. Bh5 Be6 14.
Qc2 Bc4 15. Nxc7 Kxc7 16. b3 Rc8 17. bxc4 Kb8 18. Be2 Qf7 19. Rfc1 g5 20. Rab1 g4 21. Qa4 h5 22. Be3 Nc6 23. c5 dxc5 24. Bc4 Qf6 25. Bd5 Bh6 26. Qb5 Rc7 27. Bxh6 Qxh6 28. Rxc5 Rf8 29.
Bxc6 Qf6 30. Rc2 Rxc6 31. Qxc6 Qf7 32. Qc4 Qf6 33. Qd5 Qe7 34. Rcb2 b6 35. a4 Qc7 36. a5 Rc8 37. g3 h4 38. axb6 axb6 39. Rxb6+ Ka7 40. Rb7+ Ka6 41. Rxc7 Rxc7 42. Qa2# 1-0

[Event "Early-Titled-Tuesday-Blitz-April-02-2024"]
[Site "Chess.com"]
[Date "2024.04.02"]
[Round "2"]
[White "ActorXu"]
[Black "TERMINATOR_PC"]
[Result "0-1"]
[WhiteElo "2844"]
[BlackElo "2610"]
[TimeControl "180+1"]
[EndTime "8:18:01 PDT"]
[Termination "TERMINATOR_PC won by checkmate"]

1. e4 e5 2. Nf3 Nc6 3. Bc4 Nf6 4.
d3 Bc5 5. O-O O-O 6. c3 d6 7. h3 a6 8. a4 Ba7 9. Re1 Be6 10.
Bxe6 fxe6 11. Nbd2 Qd7 12. b4 Ne7 13. Nf1 Ng6 14.
Ng3 h6 15. Be3 Bxe3 16. fxe3 d5 17. Qc2 Rad8 18. Rad1 Qc6 19. Kh2 h5 20. exd5 exd5 21. Nf5 e4 22. N3d4 Qd7 23. Rf1 c6 24. Qe2 exd3 25. Qxd3 Ne4 26. Kg1 Ne5 27. Qe2 g6 28. Nh4 Nxc3 29. Qc2 Nxd1 30. Rxd1 Qd6 31. b5 axb5 32.
axb5 c5 33. Nb3 b6 34. Ra1 Qf6 35. g3 Ra8 36. Rd1 Rad8 37. Rc1 Rd6 38. Ra1 Nf3+ 39. Nxf3 Qxf3 40. Kh2 Qxe3 41. Kg2 Rdf6 42. Qd1 Rf2+ 43. Kh1 Qe4+ 44. Kg1 Qg2# 0-1

[Event "Early-Titled-Tuesday-Blitz-April-02-2024"]
[Site "Chess.com"]
[Date "2024.04.02"]
[Round "2"]
[White "AlphaGoosee"]
[Black "Shiner22"]
[Result "0-1"]
[WhiteElo "2519"]
[BlackElo "2329"]
[TimeControl "180+1"]
[EndTime "8:18:01 PDT"]
[Termination "Shiner22 won by checkmate"]

1. e4 c5 2. Nf3 Nc6 3. d4 cxd4 4. Nxd4 e5 5. Nb5 a6 6. Nd6+ Bxd6 7. Qxd6 Qf6 8. Qd1 Qg6 9. f3 Nf6 10. Be3 d5 11. exd5 Nb4 12. Na3 O-O 13. Bc5 Nbxd5 14. Bxf8 Kxf8 15. c4 Nf4 16. Qd6+ Ke8 17. Qxe5+ Ne6 18.
O-O-O b5 19. c5 Bb7 20. Bd3 Qxg2 21. Bf5 Nd7 22. Rxd7 Qxh1+ 23. Rd1 Qxf3 24. Bxe6 fxe6 25. Qxe6+ Kf8 26. Nc2 Re8 27. Qd6+ Kg8 28. Qd7 Bc6 29. Qd6 Be4 30. Qd2 h6 31. Nd4 Qf7 32. b4 Qc4+ 33.
Kb2 Bd5 34. Nb3 Re2 35. Qxe2 Qxe2+ 36. Rd2 Qe5+ 37. Ka3 g5 38. Rc2 Bxb3 39. axb3 Qa1+ 40. Ra2 Qc1+ 41. Rb2 a5 42. Ka2 axb4 43. Re2 Qxc5 44. h4 Qa7+ 45. Kb2 g4 46. Re4 h5 47. Rxb4 Qc5 48.
Re4 g3 49. Re2 Qd4+ 50. Kc2 Kf7 51. Re1 g2 52. Re2 g1=Q 53. b4 Qc4+ 54. Kd2 Qgc1# 0-1

[Event "Early-Titled-Tuesday-Blitz-April-02-2024"]
[Site "Chess.com"]
[Date "2024.04.02"]
[Round "2"]
[White "Sasha_Solovev_777"]
[Black "Kratos031"]
[Result "0-1"]
[WhiteElo "2231"]
[BlackElo "2506"]
[TimeControl "180+1"]
[EndTime "8:18:02 PDT"]
[Termination "Kratos031 won on time"]

1. e4 e6 2. d4 d5 3. Nc3 Nf6 4. e5 Nfd7 5. f4 c5 6. Nf3 Nc6 7. Be3 a6 8. Qd2 b5 9. a3 g5 10. fxg5 cxd4 11. Nxd4 Ndxe5 12. Be2 Bg7 13. O-O O-O 14.
Rae1 Bb7 15. b3 Rc8 16. Bh5 Ng6 17. Nce2 Qd6 18. Nxc6 Bxc6 19. b4 Rfe8 20. Bc5 Qd7 21. Ng3 Ba8 22. c3 Qb7 23. Bd4 e5 24. Nf5 exd4 25.
Rxe8+ Rxe8 26. Nd6 Qd7 27. Nxe8 Qxe8 28. cxd4 Qe4 29.
Re1 Qxd4+ 30. Qxd4 Bxd4+ 31. Kf1 Bc6 32. Rc1 Bd7 33. Rc7 Be6 34. Rc6 Bb2 35. Rxa6 d4 36.
Be2 Bc4 37. a4 d3 38. Bd1 Nf4 39. Ra8+ Kg7 40. axb5 Bxb5 41. g3 Nd5 42. Kf2 Nc3 0-1

[Event "Early-Titled-Tuesday-Blitz-April-02-2024"]
[Site "Chess.com"]
[Date "2024.04.02"]
[Round "2"]
[White "AlainBruxelles"]
[Black "Savagelittlemole"]
[Result "1-0"]
[WhiteElo "2302"]
[BlackElo "2510"]
[TimeControl "180+1"]
[EndTime "8:18:03 PDT"]
[Termination "AlainBruxelles won on time"]

1. e4 c5 2. Nf3 d6 3. d4 cxd4 4. Nxd4 Nf6 5. Nc3 a6 6. Bg5 Nbd7 7. g3 h6 8. Be3 e5 9. Nb3 Be7 10. Bg2 O-O 11. O-O b5 12. a3 Bb7 13. Qd2 Rc8 14.
Rad1 Nb6 15. Qe2 Nc4 16. Bc1 Nxa3 17. bxa3 Rxc3 18. Bb2 Rc4 19. f3 Qb6+ 20. Kh1 Rfc8 21. Rd2 a5 22. Bh3 R8c7 23. Rfd1 Bc8 24. Bg2 Be6 25. h3 R4c6 26. f4 Bc4 27. Qf3 a4 28.
Nc1 Qc5 29. f5 Rd7 30. g4 Rc8 31. h4 Nh7 32. Qg3 Rcd8 33. Bh3 Nf6 34. Bg2 d5 35. g5 hxg5 36. hxg5 Nxe4 37. Bxe4 Qc7 38. Qxe5 Qxe5 39. Bxe5 Bxg5 40. Rg2 f6 41. Bc3 dxe4 42. Rxd7 Rxd7 43. Ne2 Rd1+ 44. Kh2 Kf7 45. Nd4 Bf4+ 46. Kh3 Be5 47.
Ne2 Rh1+ 48. Kg4 1-0

[Event "Early-Titled-Tuesday-Blitz-April-02-2024"]
[Site "Chess.com"]
[Date "2024.04.02"]
[Round "2"]
[White "shirovin"]
[Black "ploxoi"]
[Result "0-1"]
[WhiteElo "2038"]
[BlackElo "2432"]
[TimeControl "180+1"]
[EndTime "8:18:03 PDT"]
[Termination "ploxoi won on time"]

1. e4 c5 2. Nf3 e6 3. d4 cxd4 4. Nxd4 Nc6 5. Nc3 Qc7 6. Be2 Nf6 7. Be3 a6 8. O-O Be7 9. f4 d6 10. Kh1 O-O 11. Qe1 Nxd4 12. Bxd4 e5 13. fxe5 dxe5 14.
Qg3 Bd8 15. Bxe5 Qc6 16. Nd5 Ne8 17. Bd3 Be6 18. Ne3 Rc8 19. Nf5 Bxf5 20. Rxf5 Bc7 21.
Raf1 Bxe5 22. Qxe5 Qd6 23. Qf4 Qxf4 24. R5xf4 Rc5 25.
b3 Nd6 26. Rh4 b5 27. e5 Rxe5 28. Bxh7+ Kh8 29. Bd3+ Kg8 30. h3 g6 31. Rg4 Kg7 32.
Kh2 a5 33. Rgf4 b4 34. a3 Rb8 35. axb4 axb4 36. Rd4 Rb6 37. Bc4 f5 38. Rfd1 Ne4 39. Rd7+ Kh6 40. h4 Nc3 41. R1d6 Rxd6 42. Rxd6 Kh5 43.
Kh3 Re3+ 44. g3 f4 45. Rd5+ Nxd5 46. Bxd5 Rxg3+ 47. Kh2 Kxh4 0-1

[Event "Early-Titled-Tuesday-Blitz-April-02-2024"]
[Site "Chess.com"]
[Date "2024.04.02"]
[Round "2"]
[White "TrompeterImEther"]
[Black "DefenceWinsChampionships"]
[Result "1-0"]
[WhiteElo "2543"]
[BlackElo "2318"]
[TimeControl "180+1"]
[EndTime "8:18:04 PDT"]
[Termination "TrompeterImEther won on time"]

1. e4 c5 2. Nf3 e6 3. d4 cxd4 4. Nxd4 Nc6 5. Nc3 Qc7 6. Be3 a6 7. a3 Nf6 8. f4 d5 9. e5 Nd7 10.
Qd2 b5 11. Be2 Nb6 12. O-O Nc4 13. Bxc4 bxc4 14. Nce2 Be7 15. b3 Nxd4 16. Nxd4 Bd7 17. b4 g6 18. c3 O-O 19. a4 Rfb8 20. a5 f5 21. Nf3 h6 22. Bd4 Kh7 23. h3 Rg8 24.
Kf2 Raf8 25. g3 Qd8 26. Rg1 Qe8 27. Qe3 g5 28. Bc5 Bb5 29. Bxe7 Qxe7 30. Nd4 Bd7 31. Ke2 Qf7 32. Kd2 gxf4 33. gxf4 Qh5 34. Rg3 Rxg3 35.
Qxg3 Rg8 36. Qf2 Qxh3 37. Rg1 Qd3+ 38. Kc1 Qxc3+ 39. Nc2 Rxg1+ 40. Qxg1 Qd3 41. Qa7 Qf1+ 42. Kb2 Qxf4 43. Qxd7+ Kg6 44. Qxe6+ Kh5 45. Qxd5 Kg4 46. e6 1-0

[Event "Early-Titled-Tuesday-Blitz-April-02-2024"]
[Site "Chess.com"]
[Date "2024.04.02"]
[Round "2"]
[White "ninguno46"]
[Black "vovachesss"]
[Result "0-1"]
[WhiteElo "2577"]
[BlackElo "2811"]
[TimeControl "180+1"]
[EndTime "8:18:05 PDT"]
[Termination "vovachesss won by resignation"]

1. e4 c5 2. Nc3 e6 3. Nf3 a6 4. g3 b5 5. Bg2 Bb7 6. d3 Nc6 7.
O-O d6 8. a3 Nf6 9. Bf4 Be7 10. e5 dxe5 11. Nxe5 Qc8 12. Nxc6 Bxc6 13. Bxc6+ Qxc6 14. Qe2 O-O 15. Ne4 c4 16. Rfd1 cxd3 17. cxd3 Nd5 18. Be5 Rac8 19. Nc3 f6 20. Nxd5 Qxd5 21.
Bc3 Rfd8 22. d4 Bf8 23. Re1 Rc6 24. Qe3 Rdc8 25. h4 h5 26. Re2 Kf7 27. Qd3 Rd8 28. Qe3 Qf5 29. Rae1 Rd5 30. Rd2 Bd6 31. Rde2 Bc7 32.
Qd2 Bb6 33. Re4 Rcd6 34. Qe2 Bxd4 35. Rf4 Re5 36. Qf3 Rxe1+ 37. Bxe1 Qd5 38. Qe2 Bb6 39. Re4 Qd3 40. Rxe6 Qxg3+ 0-1

[Event "Early-Titled-Tuesday-Blitz-April-02-2024"]
[Site "Chess.com"]
[Date "2024.04.02"]
[Round "2"]
[White "MyDream003"]
[Black "mightysmasher"]
[Result "1-0"]
[WhiteElo "2813"]
[BlackElo "2581"]
[TimeControl "180+1"]
[EndTime "8:18:06 PDT"]
[Termination "MyDream003 won by checkmate"]

1. e4 e6 2. d4 d5 3. Nd2 dxe4 4. Nxe4 Nd7 5. Nf3 Ngf6 6. Nxf6+ Nxf6 7. Bd3 c5 8. dxc5 Bxc5 9. Qe2 O-O 10. Bg5 Qb6 11. O-O-O Nd5 12. Rhf1 Nb4 13. Bc4 Nd5 14. Ne5 f6 15. Rxd5 fxg5 16. Rd2 Qc7 17. Bb3 Bb4 18. Rd4 Bc5 19. Re4 b6 20. Nd3 Kh8 21. h4 Bb7 22. hxg5 Bxe4 23. Qxe4 g6 24. f4 Rad8 25. g3 Qg7 26. Kb1 Bd4 27. Rh1 Bxb2 28. Nxb2 Rd4 29. Qe2 Rfd8 30. Nd3 a5 31. a3 a4 32. Ba2 b5 33. Qxe6 b4 34. axb4 a3 35.
Qe5 Qxe5 36. fxe5 Kg7 37. Rf1 Rg4 38. e6 Rxg3 39. Rf7+ Kh8 40. e7 Rg1+ 41. Nc1 Re8 42. Rf8+ Kg7 43. Rxe8 Rxc1+ 44. Kxc1 h5 45. Rg8+ Kh7 46.
e8=Q h4 47. Qf7# 1-0

[Event "Early-Titled-Tuesday-Blitz-April-02-2024"]
[Site "Chess.com"]
[Date "2024.04.02"]
[Round "2"]
[White "Batica1984"]
[Black "Nf3c5"]
[Result "0-1"]
[WhiteElo "2769"]
[BlackElo "2587"]
[TimeControl "180+1"]
[EndTime "8:18:06 PDT"]
[Termination "Nf3c5 won on time"]

1. e4 c5 2. Nf3 Nc6 3. Nc3 g6 4.
d4 cxd4 5. Nxd4 Nf6 6. Nxc6 bxc6 7. e5 Ng8 8. Bc4 Bg7 9. Qf3 f6 10. Bf4 Qa5 11. O-O-O fxe5 12. Bd2 Nf6 13. Rhe1 Qc7 14.
Qg3 d5 15. Bb3 Nh5 16. Qh4 e6 17. Qb4 Qe7 18. Qa4 Bd7 19. g4 Nf4 20. Bxf4 exf4 21.
Qxf4 e5 22. Qf3 Qf6 23. Qg3 O-O 24. Nxd5 cxd5 25. Bxd5+ Be6 26. Bxa8 Rxa8 27. Rd6 e4 28. c3 Bh6+ 29. Kb1 Re8 30. h4 Bf4 31. Rxe6 Rxe6 32. Qg2 Qe5 33. g5 Qd5 34. Qg4 Bd6 35. Rd1 Qe5 36.
Qe2 Kf7 37. a3 a5 38. Qc4 Be7 39. Rd5 Qf4 40. Rxa5 Qxf2 41. Ra6 Qf5 42. a4 e3+ 43. Ka2 e2 44. Rxe6 Qxe6 0-1

[Event "Early-Titled-Tuesday-Blitz-April-02-2024"]
[Site "Chess.com"]
[Date "2024.04.02"]
[Round "2"]
[White "Hongjin"]
[Black "OriTaichman"]
[Result "0-1"]
[WhiteElo "2722"]
[BlackElo "2571"]
[TimeControl "180+1"]
[EndTime "8:18:06 PDT"]
[Termination "OriTaichman won by checkmate"]

1. e4 c5 2. Be2 Nc6 3. f4 g6 4. Nf3 Bg7 5. O-O d5 6. d3 Nf6 7. e5 Nd7 8. Qe1 f6 9. exf6 exf6 10. Nc3 Nb6 11. a4 d4 12. Ne4 Qe7 13. Nh4 f5 14.
Ng5 Nb4 15. Qd1 O-O 16. Bf3 Qf6 17. g3 h6 18. Nh3 a5 19. Bd2 N6d5 20. Re1 Be6 21.
Ng2 Rae8 22. Nf2 Bf7 23. Rc1 Rxe1+ 24. Bxe1 Ne3 25. Nxe3 dxe3 26. Nh3 Qxb2 27. Bxb4 cxb4 28. Rb1 Qd4 29. Qe2 Be8 30. Bxb7 Bxa4 31. Kf1 Bb5 32. Ng1 Rb8 33. Bg2 Rc8 34. Nf3 Qc3 35. Qxe3 Qxc2 36.
Re1 Qxd3+ 37. Qxd3 Bxd3+ 38. Kg1 b3 39. Ne5 Bxe5 40.
Bd5+ Kg7 41. Bxb3 Bd4+ 42. Kg2 Rb8 43. Re7+ Kh8 44. Bd5 Rb2+ 45. Kf3 Rf2# 0-1

[Event "Early-Titled-Tuesday-Blitz-April-02-2024"]
[Site "Chess.com"]
[Date "2024.04.02"]
[Round "2"]
[White "IakovUlivar"]
[Black "FredddieCroderg"]
[Result "1-0"]
[WhiteElo "2581"]
[BlackElo "2351"]
[TimeControl "180+1"]
[EndTime "8:18:06 PDT"]
[Termination "IakovUlivar won by resignation"]

1. Nf3 d5 2. g3 e6 3. Bg2 Nf6 4. d4 Be7 5. c4 dxc4 6. Qa4+ Nbd7 7. Qxc4 a6 8. Qc2 b5 9. Ne5 Nxe5 10. Bxa8 Qxd4 11. Be3 Qb4+ 12. Qd2 Nc4 13. Bc6+ Kf8 14. Qxb4 Bxb4+ 15. Bd2 Nxd2 16. Nxd2 Ke7 17. a3 Ba5 18. b4 Bb6 19. Nb3 e5 20. Rc1 Bh3 21. Nc5 Ng4 22. e3 f5 23. Ke2 e4 24. f4 Rd8 25. Rhd1 Rd6 26. Rxd6 cxd6 27. Nxa6 Nxe3 28. Bxb5 Bg4+ 29. Kd2 Ng2 30. Rc6 Be3+ 31. Kc3 d5 32. Rc7+ Kd8 33. Rd7+ Kc8 34. Rc7+ Kd8 35. Rd7+ Kc8 36. Rxd5 Bf2 37. Bd7+ Kb7 38. Nc5+ Kc7 39. Bxf5 Ne3 40. Rd7+ Kc6 41. Bxg4 Nxg4 42. Rxg7 e3 43. Rxg4 e2 44. Nd3 Bd4+ 45. Kxd4 1-0

[Event "Early-Titled-Tuesday-Blitz-April-02-2024"]
[Site "Chess.com"]
[Date "2024.04.02"]
[Round "2"]
[White "Shahdad2007"]
[Black "TigrVShlyape"]
[Result "0-1"]
[WhiteElo "2612"]
[BlackElo "2912"]
[TimeControl "180+1"]
[EndTime "8:18:07 PDT"]
[Termination "TigrVShlyape won on time"]

1. Nf3 Nf6 2. c4 e6 3. g3 b6 4. Bg2 Bb7 5. O-O Be7 6. b3 O-O 7. Bb2 c6 8. d4 d5 9. Nc3 Nbd7 10.
Re1 Ne4 11. Nxe4 dxe4 12. Nd2 f5 13. Qc2 c5 14. f3 Bf6 15. e3 exf3 16. Bxf3 Qc7 17.
Bxb7 Qxb7 18. Rad1 Rad8 19. Nf1 g6 20. Qg2 Qxg2+ 21.
Kxg2 e5 22. dxc5 Nxc5 23. Ba3 e4 24. Bxc5 bxc5 25. Rd5 Rxd5 26. cxd5 Rd8 27. Rd1 h5 28. d6 Kf7 29. Rd5 Ke6 30. Rxc5 Rxd6 31. Rc2 Rd3 32. Kf2 Bc3 33. Ke2 g5 34. h4 Kf6 35. Nd2 gxh4 36. gxh4 Ke6 37. Nf1 Ba5 38. Ng3 Bb6 39. Rc6+ Ke5 40.
Nxh5 Rxe3+ 41. Kd2 Rh3 42. a4 f4 43. b4 Rh2+ 44. Ke1 f3 45. a5 Bf2+ 46. Kf1 e3 47.
Rc5+ Ke4 48. Nf6+ Kd4 0-1

[Event "Early-Titled-Tuesday-Blitz-April-02-2024"]
[Site "Chess.com"]
[Date "2024.04.02"]
[Round "2"]
[White "Barbix1"]
[Black "DanylaBagrov"]
[Result "1-0"]
[WhiteElo "2317"]
[BlackElo "2517"]
[TimeControl "180+1"]
[EndTime "8:18:07 PDT"]
[Termination "Barbix1 won by checkmate"]

1. d4 d6 2. Nf3 c6 3. g3 Bg4 4. Bg2 Nf6 5. O-O e6 6. h3 Bh5 7. c4 d5 8. b3 Nbd7 9. Bb2 Be7 10. Nbd2 O-O 11. Re1 Bg6 12. Nh4 a5 13. Nxg6 hxg6 14. e4 dxe4 15. Nxe4 Nxe4 16. Bxe4 a4 17. d5 exd5 18.
cxd5 cxd5 19. Qxd5 Nc5 20. Qe5 Bf6 21. Qxc5 Bxb2 22.
Rad1 Qf6 23. Bxb7 Rab8 24. Bd5 axb3 25. axb3 Rfc8 26. Qa7 Rd8 27. Re7 Rf8 28. Rxf7 Rxf7 29. Qxb8+ Kh7 30. Bxf7 Qxf7 31. b4 Qf3 32. Rf1 Bd4 33. b5 Qb3 34. Qf4 Bb6 35. Qh4+ Kg8 36. Qg5 Kh7 37. h4 Qf3 38. Qe5 Kg8 39. Qe6+ Kh7 40. Qxb6 g5 41. hxg5 Qg4 42. g6+ Kh6 43. Qe3+ Kh5 44. Qf4 Qxg6 45. Qh4# 1-0

[Event "Early-Titled-Tuesday-Blitz-April-02-2024"]
[Site "Chess.com"]
[Date "2024.04.02"]
[Round "2"]
[White "MarcoRiehle"]
[Black "Grossboss19"]
[Result "1-0"]
[WhiteElo "2794"]
[BlackElo "2573"]
[TimeControl "180+1"]
[EndTime "8:18:08 PDT"]
[Termination "MarcoRiehle won by resignation"]

1. e4 c5 2. a3 Nf6 3. e5 Nd5 4. c4 Nc7 5. b4 d5 6. exd6 exd6 7. Bb2 Nc6 8. Nf3 Ne6 9. Be2 Be7 10. O-O O-O 11. b5 Ncd4 12. Nxd4 Nxd4 13. Bxd4 cxd4 14.
Bf3 Bf6 15. d3 Re8 16. Nd2 a6 17. a4 Qc7 18. Ne4 Be5 19. h3 Bf5 20. Ng3 Bxg3 21. fxg3 axb5 22. Bd5 Be6 23. Bxe6 fxe6 24. axb5 Rxa1 25.
Qxa1 e5 26. Qd1 Rf8 27. Rxf8+ Kxf8 28. Qh5 h6 29. Qf5+ Kg8 30. Qe6+ Kf8 31. g4 b6 32. g5 hxg5 33. Qf5+ Qf7 34. Qxg5 Qf6 35. Qg4 Qh6 36.
Kh2 Ke7 37. h4 Qf6 38. Qe4 Qf2 39. Qb7+ Kf6 40. Qe4 Ke7 41. Kh3 Kf6 42. Qf3+ Qxf3+ 43. gxf3 Kf5 44. Kg3 g6 45. Kg2 Kf6 46. Kh3 Kf5 47.
Kg3 Ke6 48. Kg4 Kf6 49. f4 Ke6 50. fxe5 dxe5 51. Kg3 Kf5 52. Kf3 e4+ 53. dxe4+ Ke5 54. c5 bxc5 55. b6 Kd6 56. e5+ Kc6 57. e6 d3 58. e7 c4 59. e8=Q+ 1-0

[Event "Early-Titled-Tuesday-Blitz-April-02-2024"]
[Site "Chess.com"]
[Date "2024.04.02"]
[Round "2"]
[White "SAInt_666"]
[Black "Payyappat"]
[Result "1-0"]
[WhiteElo "2722"]
[BlackElo "2527"]
[TimeControl "180+1"]
[EndTime "8:18:08 PDT"]
[Termination "SAInt_666 won on time"]

1. e4 c6 2. d4 d5 3. Nd2 dxe4 4. Nxe4 Nf6 5. Nxf6+ exf6 6. c3 Bd6 7. Bd3 O-O 8. Qc2 Re8+ 9. Ne2 h5 10. O-O h4 11.
Nf4 Nd7 12. Qd1 Nf8 13. Qh5 Qd7 14. Bd2 Qg4 15. Rae1 Bxf4 16. Qxg4 Bxg4 17. Bxf4 Ne6 18. Be3 h3 19. f3 hxg2 20. Kxg2 Bh5 21. Kg3 Rad8 22.
Bc4 c5 23. dxc5 Rc8 24. b4 b6 25.
Ba6 Rc7 26. Bf4 Rce7 27. Bd6 Rd7 28. Bb5 Rxd6 29. cxd6 Rd8 30. d7 Kf8 31. f4 f5 32.
c4 a6 33. Bc6 Ke7 34. c5 bxc5 35. bxc5 Rb8 36. Ba4 Rb4 37. Bd1 Bxd1 38. Rxd1 Rc4 39. Rfe1 Kd8 40. Re5 g6 41. Rd6 a5 42. c6 a4 43.
Rexe6 1-0

[Event "Early-Titled-Tuesday-Blitz-April-02-2024"]
[Site "Chess.com"]
[Date "2024.04.02"]
[Round "2"]
[White "ChristianArca"]
[Black "KVAIDAN"]
[Result "1-0"]
[WhiteElo "2681"]
[BlackElo "2331"]
[TimeControl "180+1"]
[EndTime "8:18:08 PDT"]
[Termination "ChristianArca won by checkmate"]

1. d4 e6 2. Bf4 f5 3. e3 Nf6 4. h3 Be7 5. Nf3 O-O 6. c4 b6 7.
Nc3 Bb7 8. Bd3 Ne4 9. O-O d6 10.
Rc1 Nd7 11. Bxe4 fxe4 12. Nd2 d5 13. Qg4 Rf6 14. cxd5 exd5 15. Nb5 c6 16. Nc7 Rg6 17. Qf5 Rc8 18. Ne6 Qe8 19. Nc7 Qd8 20. f3 Rf6 21. Qh5 Rxf4 22. Ne6 Rh4 23. Qxh4 Bxh4 24. Nxd8 Rxd8 25.
fxe4 Bg5 26. Rc3 c5 27. Nf3 Bh6 28. e5 c4 29. b3 b5 30. a4 a6 31. axb5 axb5 32.
bxc4 dxc4 33. Rb1 Bc6 34. e6 Nb6 35. Ne5 Be8 36. Rf1 Nd5 37. e4 Nxc3 38. e7 Ne2+ 39. Kh2 Bf4+ 40. Rxf4 Nxf4 41. exd8=Q Kf8 42. Nd7+ Kf7 43.
Ne5+ Kf8 44. Qd6+ Kg8 45. Qe7 h5 46. Qxe8+ Kh7 47. Qf7 c3 48. Qxf4 c2 49. Qf5+ g6 50. Qxg6+ Kh8 51. Nf7# 1-0

[Event "Early-Titled-Tuesday-Blitz-April-02-2024"]
[Site "Chess.com"]
[Date "2024.04.02"]
[Round "2"]
[White "viktorskliarov"]
[Black "MatthewG-p4p"]
[Result "1-0"]
[WhiteElo "2623"]
[BlackElo "2883"]
[TimeControl "180+1"]
[EndTime "8:18:09 PDT"]
[Termination "viktorskliarov won by resignation"]

1. e4 e6 2. d4 d5 3. e5 c5 4. c3 Qb6 5. Nf3 Nc6 6. a3 Nh6 7. b4 cxd4 8. Bxh6 gxh6 9. cxd4 Bd7 10. Be2 Rg8 11. O-O Rg4 12. h3 Rxd4 13. Nxd4 Qxd4 14. Qxd4 Nxd4 15. Bh5 Rc8 16. Nd2 Rc2 17. Rfd1 Ba4 18.
Rac1 Bg7 19. Rxc2 Bxc2 20. Re1 Ba4 21. f4 Ke7 22. Rc1 Bc6 23. Kf2 f6 24. exf6+ Bxf6 25. Nf3 Nb3 26. Re1 d4 27. Ne5 Nd2 28. Nxc6+ bxc6 29. Bg4 e5 30. fxe5 Bg5 31. Ke2 Nc4 32.
Kd3 Nxa3 33. Ra1 Nb5 34. Bf3 Ke6 35. Bxc6 Nc3 36. Kxd4 Ne2+ 37. Kc4 Nf4 38. Rxa7 Kxe5 39. b5 Kd6 40. Rd7+ Ke6 41. b6 Ng6 42. Rxh7 Kd6 43.
Kb5 Ne5 44. Be4 Nd7 45. Bf5 Bf4 46. Rxd7+ 1-0

[Event "Early-Titled-Tuesday-Blitz-April-02-2024"]
[Site "Chess.com"]
[Date "2024.04.02"]
[Round "2"]
[White "IriBu"]
[Black "CSB7"]
[Result "0-1"]
[WhiteElo "2568"]
[BlackElo "2772"]
[TimeControl "180+1"]
[EndTime "8:18:10 PDT"]
[Termination "CSB7 won by checkmate"]

1. e4 e5 2. Nf3 Nc6 3. Nc3 Nf6 4. d4 exd4 5. Nxd4 Bc5 6. Nxc6 bxc6 7. Bd3 O-O 8. O-O Re8 9. h3 h6 10. Qf3 d5 11.
exd5 cxd5 12. Bf4 Be6 13. Rad1 Bd6 14. Nb5 Bxf4 15. Qxf4 Re7 16. c4 c6 17. Nd4 Qb6 18. Nxe6 Rxe6 19. b3 Rae8 20. cxd5 cxd5 21. Qa4 Ne4 22.
Bxe4 dxe4 23. Qd4 Qa6 24. Rd2 Rg6 25. Qe3 Kh7 26. Rfd1 Re7 27. Qf4 Rge6 28. Re1 Rf6 29. Qg4 Qe6 30. Qxe6 Rfxe6 31. Rde2 f5 32. g3 g5 33. Kg2 f4 34. f3 e3 35. Rc2 Rd7 36.
Ree2 Kg7 37. Rc4 Rf6 38. h4 Kg6 39. hxg5 hxg5 40. b4 Rf5 41. a4 Rf6 42. b5 Rd1 43. Rb4 Ra1 44. Kh2 Kf5 45. Kg2 Rh6 46. Rc2 Rhh1 47. Rc5+ Kf6 48. Rc6+ Kf7 49. Rc7+ Ke6 50. Re4+ Kd6 51. Rc6+ Kd5 52. gxf4 Rag1# 0-1

[Event "Early-Titled-Tuesday-Blitz-April-02-2024"]
[Site "Chess.com"]
[Date "2024.04.02"]
[Round "2"]
[White "Practical-Play"]
[Black "mary-sanna"]
[Result "1/2-1/2"]
[WhiteElo "2488"]
[BlackElo "2211"]
[TimeControl "180+1"]
[EndTime "8:18:14 PDT"]
[Termination "Game drawn by repetition"]

1. e4 c5 2. c3 d5 3. exd5 Qxd5 4. d4 Bf5 5. Na3 cxd4 6. Nb5 Qe5+ 7. Qe2 Qxe2+ 8.
Bxe2 Na6 9. Bf3 e5 10. Bxb7 Rb8 11.
Bxa6 Rb6 12. Nf3 Bd7 13. Nc7+ Kd8 14. Nxe5 Nh6 15. Bxh6 gxh6 16. Nd5 Rxa6 17. Nxf7+ Kc8 18. Nxh8 dxc3 19. Nxc3 Re6+ 20. Kd2 Bg7 21. Rhe1 Rf6 22. f3 Rf8 23. Re7 Bxc3+ 24. Kxc3 Rxh8 25. Rd1 Bf5 26. Rd5 Bg6 27. Rxa7 Kb8 28. Re7 Rc8+ 29. Kb3 Rc7 30. Rxc7 Kxc7 31. a4 Bf7 32. Kc4 Kc6 33. b4 Bxd5+ 34.
Kd4 Bb3 35. a5 Kb5 36. Ke5 Bc4 37. Kf6 Kxb4 38. Kg7 Kxa5 39. Kxh6 Bd3 40. f4 Kb6 41. g4 Kc5 42. f5 Kd6 43. Kxh7 Ke5 44. Kg7 Kf4 45. f6 Bc4 46. Kf8 Kxg4 47. Ke7 Kh3 48. Kd6 Kxh2 49. Ke5 Bf7 50. Kf5 Kg3 51. Kg5 Kf3 52. Kf5 Kg3 53. Ke5 Kg4 54. Kd6 Kg5 55. Ke7 Bh5 56. Ke6 Bg6 57. Ke7 Bh5 58.
Ke6 Bg6 59. Ke7 Bh5 1/2-1/2

[Event "Early-Titled-Tuesday-Blitz-April-02-2024"]
[Site "Chess.com"]
[Date "2024.04.02"]
[Round "2"]
[White "Rawnsdale"]
[Black "Aradhya2000"]
[Result "0-1"]
[WhiteElo "2565"]
[BlackElo "2755"]
[TimeControl "180+1"]
[EndTime "8:18:15 PDT"]
[Termination "Aradhya2000 won by resignation"]

1. e4 e5 2. Nf3 Nc6 3. Bb5 a6 4. Ba4 Nge7 5. O-O Ng6 6. Re1 Be7 7. c3 O-O 8. d4 d6 9. Bxc6 bxc6 10. dxe5 dxe5 11.
Be3 Be6 12. Nbd2 Qb8 13. Qc2 f6 14. Nb3 Qb5 15. Nfd2 Rfd8 16. c4 Qb4 17. a3 Qa4 18.
Qc3 Nf4 19. Bxf4 exf4 20. Nd4 Rxd4 21. Qxd4 Qc2 22. Rac1 c5 23. Qxf6 Bxf6 24. Rxc2 Rd8 25. e5 Bf5 26. Rc3 Be7 27. Nf3 g5 28. h3 h5 29.
Rcc1 g4 30. hxg4 hxg4 31. Nh2 Rd2 32. e6 Kg7 33. Re5 Kf6 34. Rd5 Rxb2 35. Re1 Rc2 36. f3 gxf3 37. Nxf3 Rxc4 38. Ne5 Re4 39. Nd7+ Kxe6 40.
Rxe4+ Bxe4 41. Rxc5 Kxd7 42. Rc4 Bd5 43. Rxf4 Bxa3 44.
Kf1 Bd6 45. Rf2 a5 46. g4 a4 47. g5 a3 48. g6 a2 49. Rxa2 Bxa2 50. g7 Bg8 51. Ke2 Be5 52. Kd3 Bxg7 53. Ke4 c5 54. Kd3 c4+ 55. Kc2 c3 56. Kc1 0-1

[Event "Early-Titled-Tuesday-Blitz-April-02-2024"]
[Site "Chess.com"]
[Date "2024.04.02"]
[Round "2"]
[White "Aalessia"]
[Black "Andrei_Skvortsov"]
[Result "0-1"]
[WhiteElo "2381"]
[BlackElo "2702"]
[TimeControl "180+1"]
[EndTime "8:18:16 PDT"]
[Termination "Andrei_Skvortsov won by checkmate"]

1. d4 e6 2. Nf3 Nf6 3. Bf4 Bd6 4. Bxd6 cxd6 5. e3 b6 6. Bd3 Bb7 7. c4 Nc6 8. Nc3 Nb4 9. Bb1 d5 10. a3 Na6 11. cxd5 Nxd5 12. Nxd5 Bxd5 13. Bd3 b5 14. e4 Bb7 15. O-O Nc7 16. Rc1 O-O 17. h4 a6 18.
Ng5 h6 19. Nf3 d6 20. Qe2 Rc8 21. Rc2 Ne8 22. Rfc1 Rxc2 23. Rxc2 Nf6 24. e5 Nd5 25. Qe4 g6 26. Rc1 Qe7 27. exd6 Qxd6 28. h5 f5 29. Qh4 Qf4 30. hxg6 Qxh4 31. Nxh4 Kg7 32. Re1 Nf4 33. Bf1 Bd5 34. Rc1 Nxg6 35. Rc7+ Kf6 36. Nxg6 Kxg6 37. Ra7 Rc8 38. Kh2 Rc1 39.
Bd3 Rd1 40. Bc2 Rd2 41. Bb1 Rxb2 42. Bd3 Rd2 43. Bf1 Rxd4 44. Rxa6 b4 45. axb4 Rxb4 46. f3 Rb1 47. Bd3 Rd1 48. Bb5 Kf6 49. Bd7 Bc4 50. Ra7 f4 51. Rc7 Bd5 52. Kh3 Kg5 53. Bb5 Rh1# 0-1